AoeStats
← iM 我要打十个

Arena

504253589Analyzed
4v4 RM · 28d ago on Sep 4, 2026· 44m 46s· 8 players
Game mode
Random Map
Map size
Large (8 player)
Population
200
Speed
Normal
Resources
Standard
Victory
Conquest
Starting age
Dark Age
Ending age
Imperial Age
RankedLock teamsTeams togetherTeam positionsShared explorationLock speedFull tech treeHidden civsTurbo modeCheats
Victory
Defeat
🇮🇹 Italians · Italy
1192
+14
🇮🇳 Portuguese · India
1165
+15
🇮🇳 Persians · India
1099
+18
🇨🇱 Spanish · Chile
1093
+18
🇹🇼 Khmer · Taiwan
1152
-17
🇹🇼 Ethiopians · Taiwan
1136
-16
🇨🇳 Saracens · China
1135
-16
🇹🇼 Malay · Taiwan
1131
-16
iM 我要打十个
0:55 Loom
9:49 Feudal Age
12:32 Loom
14:54 Castle Age
13:19 Double-Bit Axe
13:30 Horse Collar
13:37 Loom
16:25 Heavy Plow
16:43 Bow Saw
17:59 Loom
19:01 Wheelbarrow
19:47 Fletching
20:48 Ballistics
20:37 Heavy Plow
22:00 Gold Mining
21:58 Town Watch
21:53 Crossbowman
23:33 Bodkin Arrow
29:41 Thumb Ring
30:49 Hand Cart
31:25 Gold Shaft Mining
36:20 Imperial Age
34:31 Treadmill Crane
35:32 Town Patrol
35:41 Scale Barding Armor
35:45 Padded Archer Armor
36:08 Bloodlines
35:58 Husbandry
36:44 Masonry
38:32 Coinage
38:54 Chain Barding Armor
39:30 Conscription
42:45 Chemistry
41:52 Siege Engineers
44:05 Elite Mameluke
44:27 Light Cavalry
45:21 Forging
7124482444a
11:11 Feudal Age
11:44 Double-Bit Axe
11:40 Horse Collar
16:42 Castle Age
15:05 Gold Mining
16:32 Wheelbarrow
20:06 Heavy Plow
20:22 Bow Saw
24:56 Loom
28:13 Imperial Age
26:38 Gold Shaft Mining
25:53 Stone Mining
28:29 Stone Shaft Mining
28:38 Ballistics
29:49 Hand Cart
29:00 Light Cavalry
29:50 Bloodlines
29:40 Husbandry
30:10 Hussar
32:22 Conscription
32:26 Elite Ballista Elephant
34:02 Crop Rotation
35:35 Double Crossbow
36:32 Forging
36:28 Scale Barding Armor
37:59 Pikeman
38:25 Arson
38:46 Scale Mail Armor
39:26 Iron Casting
41:06 Halberdier
a-lon
10:23 Feudal Age
11:52 Double-Bit Axe
14:19 Castle Age
12:35 Horse Collar
15:21 Bow Saw
18:17 Loom
21:47 Wheelbarrow
21:41 Heavy Plow
24:12 Hand Cart
23:56 Gold Mining
28:18 Imperial Age
26:02 Fletching
26:39 Bodkin Arrow
26:55 Stone Mining
26:33 Crossbowman
27:39 Ballistics
28:16 Padded Archer Armor
28:25 Thumb Ring
28:29 Arbalester
30:46 Chemistry
32:53 Conscription
32:37 Halberdier
36:16 Squires
36:24 Scale Mail Armor
36:34 Forging
36:25 Bracer
39:31 Torsion Engines
39:45 Siege Engineers
42:32 Fortified Wall
poi
10:25 Feudal Age
16:15 Castle Age
16:58 Double-Bit Axe
19:30 Loom
27:42 Bow Saw
29:34 Horse Collar
42:11 Imperial Age
40:42 Heavy Plow
Towernello
10:50 Feudal Age
11:57 Double-Bit Axe
14:52 Castle Age
14:02 Wheelbarrow
13:13 Loom
17:23 Bow Saw
19:01 Gold Mining
21:31 Hand Cart
22:55 Horse Collar
23:12 Stone Mining
25:32 Fortified Wall
25:12 Town Watch
25:36 Heavy Plow
30:11 Imperial Age
27:47 Padded Archer Armor
27:37 Fletching
28:25 Ballistics
28:54 Scale Mail Armor
29:05 Forging
29:14 Leather Archer Armor
28:54 Bodkin Arrow
30:04 Thumb Ring
29:20 Crossbowman
31:59 Chemistry
31:39 Caravan
32:39 Conscription
32:28 Bracer
32:19 Elite Skirmisher
32:48 Arbalester
35:13 Ring Archer Armor
36:10 Capped Ram
Alex
10:48 Feudal Age
14:51 Castle Age
12:58 Double-Bit Axe
13:14 Horse Collar
18:09 Bow Saw
22:22 Loom
24:52 Town Watch
26:30 Bloodlines
27:49 Husbandry
29:57 Wheelbarrow
34:22 Imperial Age
32:06 Crossbowman
33:14 Heavy Plow
34:04 Thumb Ring
33:59 Fletching
34:18 Padded Archer Armor
35:09 Ballistics
34:31 Arbalester
38:00 Chemistry
37:43 Conscription
38:14 Elite Skirmisher
38:26 Onager
39:29 Bodkin Arrow
39:50 Leather Archer Armor
39:20 Treadmill Crane
41:21 Bracer
41:52 Ring Archer Armor
41:20 Murder Holes
44:43 Arquebus
Sirsoberbio
11:19 Feudal Age
15:06 Castle Age
13:55 Gold Mining
14:10 Loom
16:45 Town Watch
18:09 Double-Bit Axe
19:34 Bow Saw
19:06 Horse Collar
23:42 Wheelbarrow
28:22 Imperial Age
26:29 Heavy Plow
30:54 Chemistry
31:07 Conscription
35:17 Elite Conquistador
37:40 Two-Man Saw
38:04 Block Printing
37:52 Inquisition
38:35 Redemption
39:37 Hand Cart
41:41 Scale Barding Armor
41:46 Forging
44:45 Light Cavalry
45:35 Bloodlines
45:25 Husbandry
TigerOfThanjai
10:27 Feudal Age
15:08 Loom
17:58 Castle Age
16:11 Double-Bit Axe
29:14 Imperial Age
27:26 Wheelbarrow
27:43 Stone Mining
27:48 Gold Mining
28:15 Bow Saw
28:02 Horse Collar
28:38 Fletching
30:07 Hand Cart
30:30 Forging
30:25 Scale Barding Armor
30:15 Town Watch
30:43 Devotion
31:28 Gold Shaft Mining
31:32 Stone Shaft Mining
31:58 Two-Man Saw
31:06 Heavy Plow
31:42 Bloodlines
31:34 Husbandry
32:11 Iron Casting
31:57 Chain Barding Armor
32:24 Ballistics
32:06 Elite War Elephant
33:14 Conscription
34:43 Blast Furnace
35:38 Plate Barding Armor
37:05 Masonry
38:42 Crop Rotation
39:23 Architecture
40:44 Bodkin Arrow
Connection lost

Rejoining the realm…

Still unreachable

The connection could not be restored.

Session expired

The server has moved on; the page needs a fresh start.